 Dungeon Crawl Stone Soup version 0.30-a0-782-ge64f9170bb (webtiles) character file.

Game seed: 11800826858723713323

35 theswoord the Insei (level 3, -3/40 HPs)
             Began as a Demonspawn Transmuter on Feb 22, 2023.
             Slain by a goblin
             ... wielding a +2 dagger of venom
             ... led by Robin
              (6 damage)
             ... on level 2 of the Dungeon.
             The game lasted 00:01:44 (1096 turns).

theswoord the Insei (Demonspawn Transmuter)         Turns: 1096, Time: 00:01:44

Health: -3/40      AC: 21    Str: 10    XL:     3   Next: 17%
Magic:  6/6        EV:  2    Int: 14    God:
Gold:   58         SH:  0    Dex: 15    Spells: 5/6 levels left

rFire   . . .      SeeInvis .      - Unarmed
rCold   . . .      Faith    .    (no shield)
rNeg    . . .      Spirit   .    (body armour currently unavailable)
rPois   +          Reflect  .    (helmet currently unavailable)
rElec   .          Harm     .    (cloak currently unavailable)
rCorr   .          Rampage  .    (gloves currently unavailable)
Will    .....      NoTele   +    (boots currently unavailable)
Stlth   +                        (no amulet)
HPRegen 0.26/turn                (no ring)
MPRegen 0.10/turn                (no ring)

@: lethally poisoned (-3 -> -22), tree-form
A: stationary, stasis, torment immunity, boosted hp, powered by death 1
a: no special abilities


You were on level 2 of the Dungeon.
You were a tree.
You visited 1 branch of the dungeon, and saw 2 of its levels.

You collected 58 gold pieces.

Inventory:

Armour
 a - a +0 robe (melded)
Scrolls
 c - 2 scrolls of identify
 f - 2 scrolls of teleportation
Potions
 b - a potion of lignification
 d - a potion of might


   Skills:
 + Level 2.0 Fighting
 - Level 1.7 Dodging
 + Level 3.1 Unarmed Combat
 - Level 2.0 Spellcasting
 + Level 2.3 Transmutations


You had 5 spell levels left.
You knew the following spells:

 Your Spells              Type           Power      Damage    Failure   Level
a - Beastly Appendage     Tmut           16%        N/A       9%          1

Your spell library contained the following spells:

 Spells                   Type           Power      Damage    Failure   Level
 Wereblood                Tmut           8%         N/A       14%         2
 Spider Form              Tmut/Pois      4%         N/A       41%         3
 Ice Form                 Ice/Tmut       4%         N/A       82%         4


Dungeon Overview and Level Annotations

Branches:
Dungeon (2/15)

Altars:
Dithmenos

Annotations:
D:2 Robin


Innate Abilities, Weirdness & Mutations

You are a tree.
Your roots penetrate the ground, keeping you stationary.
You cannot be teleported.
You are immune to unholy pain and torment.
Your maximum health is greatly increased.
Your equipment is partially melded.
You regenerate a little health from kills.


Message History

2 goblins come into view.
The goblin shouts!
You hear a shout! x2
Robin and 2 goblins come into view.
A goblin is wielding a +2 dagger of venom.
The goblin shouts! x2; You hear a shout!
The goblin shouts!
A goblin comes into view. It is wielding a +0 dagger. x2
A goblin comes into view. It is wielding a +0 club.
Robin shouts!
The goblin shouts!
A hobgoblin comes into view.
The goblin closely misses you.
Robin roars a battlecry!
The goblins go into a battle-frenzy!
The goblin shouts!
You closely miss the goblin.
A hobgoblin comes into view.
The goblin closely misses you. Robin throws the goblin at you!
Robin throws the goblin at you! The goblin completely misses you.
The goblin hits you with a +2 dagger of venom.
You are poisoned.
You barely miss the goblin.
You feel very sick. Robin throws the goblin at you!
The goblin hits you with a +0 dagger.
The goblin hits you with a +2 dagger of venom!
* * * LOW HITPOINT WARNING * * *
You are lethally poisoned!
The goblin barely misses you. The goblin hits you with a +0 dagger.
* * * LOW HITPOINT WARNING * * *
The goblin hits you with a +0 club.
* * * LOW HITPOINT WARNING * * *
Okay, then.
Really quaff the potion of lignification?
You turn into a tree.
Your +0 robe melds into your body.
Your roots penetrate the ground.
* * * LOW HITPOINT WARNING * * *
You feel very sick.
Robin roars a battlecry!
The goblin hits you but does no damage. x2
A goblin comes into view. It is wielding a +0 dagger.
The goblin hits you with a +2 dagger of venom.
You die...

..##..............
####.#######...
#.# . #.# g.
...####§#####..
#.#....§§§§.....#
#....####§#####..
####..####§##
.gg..ggg♣g§§§#
....g.gggg.#§#
#.###.######.# #.
# #


You could see Robin, a hobgoblin (strong) and 9 goblins.

Vanquished Creatures
  An adder (D:2)
  A dart slug (D:1)
  4 endoplasms (D:1)
  2 goblins (D:1)
  3 hobgoblins (D:1)
  3 jackals (D:1)
  2 kobolds (D:1)
  2 quokkas (D:1)
  2 bats (D:1)
  A rat (D:1)
21 creatures vanquished.

Notes
Turn   | Place    | Note
-------+----------+-------------------------------------------
     0 | D:1      | theswoord the Demonspawn Transmuter began the quest for the
                  | Orb.
     0 | D:1      | Reached XP level 1. HP: 15/15 MP: 3/3
   238 | D:1      | Gained mutation: You regenerate a little health from kills.
                  | [demonic ancestry]
   238 | D:1      | Reached XP level 2. HP: 9/21 MP: 3/5
   424 | D:1      | Reached skill level 3 in Unarmed Combat
  1011 | D:1      | Found a shadowy altar of Dithmenos.
  1074 | D:2      | Reached XP level 3. HP: 26/27 MP: 4/6
  1091 | D:2      | Noticed Robin
  1096 | D:2      | Slain by a goblin

Skill      XL: |  1  2 |
---------------+-------+-----
Transmutations | 2 |  2.3
Unarmed Combat | 3 |  3.1
Fighting       | 2 |  2.0
Dodging        | |  1.7
Spellcasting   | |  2.0

Action                     || total
---------------------------++-------
  Melee: Unarmed           ||    73
         Kick              ||    10
         Headbutt          ||     8
         Punch             ||     1
   Cast: Beastly Appendage ||    20
    Use: Scroll            ||     3
         Potion            ||     1
 Armour: Robe              ||    14
         Skin              ||     2
  Dodge: Dodged            ||    53

Levels and vault maps discovered:
D:1:      dpeg_arrival_water_altar, layout_loops_ring
D:2:      layout_loops_ring, hellmonk_ecumenical_altar_heavens_door,
          basic_altar, item_on_display_a, uniq_robin
